 Dungeon Crawl Stone Soup version 0.18-a0-1418-ga86aa8f (webtiles) character file.

588 HEYYEYAAE the Ducker (level 7, -1/36 HPs)
             Began as a Spriggan Transmuter on Feb 26, 2016.
             Was a Believer of Nemelex Xobeh.
             Killed from afar by an orc wizard (6 damage)
             ... with a magic dart
             ... on level 6 of the Dungeon.
             The game lasted 00:08:49 (6779 turns).

HEYYEYAAE the Ducker (Spriggan Transmuter)          Turns: 6779, Time: 00:08:50

Health: -1/36      AC:  3    Str:  8    XL:     7   Next: 15%
Magic:  14/14      EV: 20    Int: 15    God:    Nemelex Xobeh [**....]
Gold:   137        SH:  0    Dex: 16    Spells: 4 memorised, 3 levels left

rFire  . . .     SeeInvis +     m - +0 dagger (venom)
rCold  . . .     Gourm    .     b - +0 robe
rNeg   . . .     Faith    .     (shield restricted)
rPois  +         Spirit   .     (helmet restricted)
rElec  .         Dismiss  .     h - +0 cloak
rCorr  +         Reflect  .     (gloves unavailable)
SustAt .         Harm     .     (boots unavailable)
MR     +....                    (no amulet)
Stlth  +.........               u - ring of poison resistance
                                f - ring of resist corrosion

@: confused, very slightly contaminated, very quick, somewhat resistant to
hostile enchantments, very unstealthy
A: unfitting armour, see invisible, herbivore 3, speed 3, slow metabolism 2
a: Renounce Religion


You were on level 6 of the Dungeon.
You worshipped Nemelex Xobeh.
Nemelex Xobeh was pleased with you.
You were not hungry.

You visited 1 branch of the dungeon, and saw 6 of its levels.

You collected 165 gold pieces.
You spent 28 gold pieces at shops.

Inventory:

Hand Weapons
 i - a +0 spear
 m - a +0 dagger of venom (weapon)
 A - a +1 dagger of speed
Missiles
 a - 48 arrows
Armour
 b - a +0 robe (worn)
 h - a +0 cloak (worn)
Jewellery
 f - a ring of resist corrosion (left hand)
 u - a ring of poison resistance (right hand)
 C - the ring "Hanufei" {*Tele *Confuse rN++ Int+4 Dex-4}
   (You found it on level 4 of the Dungeon)

   [ring of teleportation]

   It may teleport you next to monsters.
   It affects your intelligence (+4).
   It affects your dexterity (-4).
   It greatly protects you from negative energy.
   It may confuse you when you take damage.
Wands
 w - a wand of flame (25/48)
Scrolls
 e - a scroll of noise {unknown}
 g - 2 scrolls of teleportation {unknown}
 j - a scroll of enchant armour {unknown}
 k - 2 scrolls of remove curse {unknown}
 n - a scroll of magic mapping {unknown}
 r - 2 scrolls of recharging {unknown}
 s - a scroll of identify
 t - 2 scrolls of enchant weapon {unknown}
 v - a scroll of fog {unknown}
 y - 2 scrolls of amnesia {unknown}
 G - 2 scrolls of fear {unknown}
Potions
 o - 2 potions of haste {unknown}
 p - a potion of might {unknown}
 x - a potion of flight {unknown}
 B - a potion of invisibility {unknown}
 D - 2 potions of curing {unknown}
 E - a potion of cancellation {unknown}
Books
 c - a book of Changes

   Spells                             Type                      Level
   a - Beastly Appendage              Transmutation                1
   b - Sticks to Snakes               Transmutation                2
   c - Spider Form                    Transmutation/Poison         3
   d - Ice Form                       Ice/Transmutation            4
   e - Blade Hands                    Transmutation                5
 F - a book of Maledictions

   Spells                             Type                      Level
   a - Corona                         Hexes                        1
   b - Ensorcelled Hibernation        Hexes/Ice                    2
   c - Confuse                        Hexes                        3
   d - Tukima's Dance                 Hexes                        3
   e - Dazzling Spray                 Conjuration/Hexes            3
Miscellaneous
 z - a plain deck of war {drawn: 3}
Comestibles
 d - 2 bread rations


   Skills:
 * Level 3.3 Fighting
 + Level 2.0 Armour
 + Level 5.0 Dodging
 + Level 3.1 Unarmed Combat
 + Level 4.1 Spellcasting
 + Level 4.2 Transmutations
 + Level 2.3 Evocations


You had 3 spell levels left.
You knew the following spells:

 Your Spells              Type           Power        Failure   Level  Hunger
a - Beastly Appendage     Trmt           ###...       3%          1    None
b - Sticks to Snakes      Trmt           ###.....     6%          2    ##.....
c - Spider Form           Trmt/Pois      #.........   24%         3    ###....
d - Blade Hands           Trmt           ###.......   87%         5    ######.


Dungeon Overview and Level Annotations

Branches:
Dungeon (6/15)             Temple (0/1) D:5

Altars:
Cheibriados
Fedhas
Kikubaaqudgha
Nemelex Xobeh
Okawaru
Pakellas
Ru
Sif Muna
Vehumet
Yredelemnul

Shops:
D:4 *

Annotations:
D:6 Menkaure


Innate Abilities, Weirdness & Mutations

You are tiny and cannot use many weapons and most armour.
You have supernaturally acute eyesight.
You are an herbivore.
You cover ground extremely quickly.
You need consume almost no food.


Message History

The hound bites you.
* * * LOW HITPOINT WARNING * * *
The orc wizard closely misses you.
Drink which item? (? for menu, Esc to quit)
You are confused.
You feel invigorated. The hound bites you.
* * * LOW HITPOINT WARNING * * *
The orc wizard points at you and mumbles some strange words.
The puff of frost hits the orc wizard.
The orc wizard dies!
The hound completely misses you.
Your transformation has ended.
Your +0 dagger of venom unmelds from your body.
Your +0 cloak unmelds from your body.
Your +0 robe unmelds from your body.
It begins to drip with poison!
The hound bites you.
* * * LOW HITPOINT WARNING * * *
The orc wizard gestures at you while chanting.
The magic dart hits you!
You die...
Your body disappears without a glow.

#### ...# ...+ #####
...###. #...# .......
#...# .......
########...##o......
#.Wh@oo.....<.......
......####o....#.......
..... #.....#.......
.... #.....#....... ...
#.....##.##### ..
#.....# .. . #.....#
### #######


You could see a phantom, a hound, an orc wizard (invisible) and 2 orcs.

Vanquished Creatures
  An ogre (D:5)
  A centaur (D:5)
  A scorpion (D:5)
  A crimson imp (D:5)
  A jelly (D:4)
  A hound (D:6)
  A centaur skeleton (D:4)
  A giant frog skeleton (D:5)
  An iguana (D:6)
  A worker ant (D:3)
  A hound skeleton (D:5)
  An adder (D:3)
  An adder skeleton (D:4)
  3 worms
  A dart slug (D:1)
  3 giant geckos
  5 orcs
  2 giant cockroaches (D:1)
  6 goblins
  7 hobgoblins
  6 jackals
  5 ball pythons
  6 bats
  5 giant newts
  A jackal skeleton (D:6)
  7 kobolds
  13 rats
83 creatures vanquished.

Vanquished Creatures (collateral kills)
  A phantom (D:5)
  2 adders
  2 worms
  3 orcs (D:3)
  A bat (D:3)
  2 giant cockroaches (D:3)
  2 hobgoblins
  3 jackals
  A ball python (D:3)
  A giant newt (D:2)
  A rat (D:3)
19 creatures vanquished.

Vanquished Creatures (others)
  An orc wizard (D:6)
1 creature vanquished.

Grand Total: 103 creatures vanquished

Notes
Turn   | Place    | Note
--------------------------------------------------------------
     0 | D:1      | HEYYEYAAE the Spriggan Transmuter began the quest for the Orb.
     0 | D:1      | Reached XP level 1. HP: 9/9 MP: 5/5
    62 | D:1      | Reached skill level 1 in Fighting
   422 | D:1      | Reached XP level 2. HP: 8/14 MP: 3/6
   431 | D:1      | Learned a level 2 spell: Sticks to Snakes
  1427 | D:2      | Reached XP level 3. HP: 11/18 MP: 5/8
  1690 | D:2      | Found a blossoming altar of Fedhas.
  1846 | D:2      | Learned a level 3 spell: Spider Form
  2131 | D:2      | Found an oddly glowing altar of Pakellas.
  2454 | D:2      | Found an ancient bone altar of Kikubaaqudgha.
  2457 | D:2      | Found a radiant altar of Vehumet.
  2463 | D:2      | Found a basalt altar of Yredelemnul.
  2758 | D:2      | Found a snail-covered altar of Cheibriados.
  2869 | D:3      | Reached XP level 4. HP: 12/23 MP: 3/9
  3017 | D:3      | Reached skill level 1 in Armour
  3490 | D:3      | Found a sparkling altar of Nemelex Xobeh.
  3512 | D:3      | Became a worshipper of Nemelex Xobeh the Trickster
  3600 | D:4      | Received a gift from Nemelex Xobeh
  3771 | D:3      | Reached skill level 4 in Dodging
  3930 | D:4      | Reached XP level 5. HP: 22/26 MP: 11/11
  4509 | D:4      | Found an iron altar of Okawaru.
  4512 | D:4      | Found Gitumyhi's General Store.
  4520 | D:4      | Bought a scroll of identify for 28 gold pieces
  4969 | D:4      | Got an ancient bronze ring
  4976 | D:4      | Reached * piety under Nemelex Xobeh
  5184 | D:4      | Identified the ring "Hanufei" {*Tele *Confuse rN++ Int+4 Dex-4} (You found it on level 4 of the Dungeon)
  5231 | D:5      | Entered Level 5 of the Dungeon
  5504 | D:5      | Reached skill level 1 in Evocations
  5576 | D:5      | Found a staircase to the Ecumenical Temple.
  5676 | D:5      | Found a deep blue altar of Sif Muna.
  5802 | D:5      | Noticed a phantom
  5896 | D:6      | Noticed Menkaure
  6111 | D:5      | Learned a level 5 spell: Blade Hands
  6146 | D:5      | Noticed a centaur
  6188 | D:5      | Killed a centaur
  6188 | D:5      | Reached XP level 6. HP: 17/32 MP: 1/12
  6495 | D:5      | Reached XP level 7. HP: 28/36 MP: 12/14
  6670 | D:5      | Found a sacrificial altar of Ru.
  6751 | D:6      | Reached ** piety under Nemelex Xobeh
  6766 | D:6      | Reached skill level 5 in Dodging
  6779 | D:6      | Killed from afar by an orc wizard

Vault maps used:
D:1:      lightli_arrival_quake, hangedman_decor_growths,
          minmay_stone_trees_small, minmay_misc_feat_alley
D:2:      lemuel_coloured_pillars_altar, grunt_pakellas_sulfur,
          grunt_temple_overflow_diamond, fedhas_altar_3
D:3:      lemuel_crystal_altar, first_bread
D:4:      kennysheep_mini_moat, serial_shops, nicolae_shop_window_shopping
D:5:      lemuel_blue_sif_altar, nicolae_ru_the_path_less_chosen,
          minmay_temple_entry_glass, hangedman_abyss_or_decor_stagger,
          hangedman_abyss_or_decor_stabs
D:6:      cheibrodos_ashenzari_chains, kennysheep_mini, serial_shops, shop,
          uniq_eustachio, uniq_menkaure

Skill      XL: |  1  2  3  4  5  6  7 |
---------------+----------------------+-----
Fighting       | 1 2 3 |  3.3
Spellcasting   | 3 4 |  4.1
Transmutations | 3 4 |  4.2
Armour         | 1 2 |  2.0
Dodging        | 4 5 |  5.0
Evocations     | 1 2 |  2.3
Unarmed Combat | 3 |  3.1

Action                   |  1- 3 |  4- 6 |  7- 9 || total
-------------------------+-------+-------+-------++-------
Melee: Unarmed           |    43 |    24 |    10 ||    77
       Spear             |   170 |   102 |       ||   272
       Dagger            |       |   112 |     4 ||   116
 Cast: Beastly Appendage |     8 |       |       ||     8
       Sticks to Snakes  |     7 |    22 |       ||    29
       Spider Form       |       |     4 |     1 ||     5
Evoke: Deck              |       |     1 |     2 ||     3
  Use: Scroll            |       |     2 |       ||     2
       Potion            |       |     1 |     2 ||     3
 Stab: Sleeping          |     3 |     1 |       ||     4
       Distracted        |     2 |       |       ||     2
  Eat: Royal jelly       |       |     1 |       ||     1
       Bread ration      |       |     1 |       ||     1
       Pizza             |       |     1 |       ||     1
